 Dungeon Crawl Stone Soup version 0.32-a0-132-g2d33c3cfaf (webtiles) character file.

Game seed: 17725144058895553076

102 iamserjio the Magician (level 5, -9/40 HPs)
             Began as a Djinni Hedge Wizard on Feb 9, 2024.
             Mangled by Menkaure (24 damage)
             ... on level 6 of the Dungeon.
             The game lasted 00:04:47 (567 turns).

iamserjio the Magician (Djinni Hedge Wizard)         Turns: 567, Time: 00:04:47

Health: -9/40      AC:  2    Str:  9    XL:     5   Next: 6%
Gold:   103        EV: 12    Int: 17    God:
                   SH:  0    Dex: 13

rFire   + + .        m - +1 dagger (protect)
rCold   x . .        (no shield)
rNeg    . . .        b - +0 robe
rPois   ∞            c - +0 hat
rElec   .            (no cloak)
rCorr   .            (no gloves)
SInv    .            (boots unavailable)
Will    .....        (no amulet)
Stlth   ++           (no ring)
HPRegen 0.26/turn    (no ring)
MPRegen 0.00/turn

%: infuse magic (-10 HP)
@: flying
A: sickness immunity, fire resistance 2, cold vulnerability 1, float, innate
caster, HP casting, extra vitality 1
a: no special abilities


You were on level 6 of the Dungeon.
You visited 1 branch of the dungeon, and saw 6 of its levels.

You collected 103 gold pieces.

Inventory:

Hand Weapons
 a - a +0 dagger
 m - a +1 dagger of protection (weapon)
Armour
 b - a +0 robe (worn)
 c - a +0 hat (worn)
Wands
 j - a wand of polymorph (11)
Scrolls
 e - a scroll of blinking {unknown}
 g - a scroll of poison {unknown}
 h - a scroll of enchant weapon {unknown}
 i - a scroll of identify {unknown}
 k - a scroll of teleportation {unknown}
 l - a scroll of fog {unknown}
 n - a scroll of fear {unknown}
Potions
 d - 2 potions of curing {unknown}
 f - a potion of degeneration {unknown}


   Skills:
 + Level 2.9 Fighting
 - Level 2.1 Dodging
 - Level 1.5 Stealth
 + Level 3.8 Spellcasting
 + Level 3.8 Conjurations
 + Level 3.8 Hexes
 + Level 3.8 Summonings
 + Level 3.8 Necromancy
 + Level 3.8 Translocations
 + Level 3.8 Fire Magic
 + Level 3.8 Ice Magic
 + Level 3.8 Air Magic
 + Level 3.8 Earth Magic
 + Level 3.8 Alchemy


You knew the following spells:

 Your Spells              Type           Power      Damage    Failure   Level
a - Magic Dart            Conj           64%        1d6       3%          1
b - Slow                  Hex            64%        N/A       3%          1
c - Blink                 Tloc           32%        N/A       4%          2
d - Call Imp              Summ           32%        N/A       4%          2
e - Mephitic Cloud        Conj/Alch/Air  16%        N/A       10%         3
f - Sting                 Conj/Alch      64%        1d7       3%          1
g - Mercury Vapours       Alch/Air       32%        N/A       4%          2
Your spell library was empty.

Dungeon Overview and Level Annotations

Branches:
Dungeon (6/15) Zot: 26965
 Temple: D:4-7

Altars:

Annotations:
D:6 Menkaure


Innate Abilities, Weirdness & Mutations

You are immune to sickness and miasma.
You are immune to poison.
Your flesh is very heat resistant. (rF++)
You are vulnerable to cold. (rC-)
You float through the air rather than walking.
You learn spells naturally, not from books.
Your magical power is your life essence.
You have superior vitality. (+4 MHP)


Message History

Menkaure shouts!
* * * LOW HITPOINT WARNING * * *
Aiming: Magic Dart (safe; 3% risk of failure)
Press: ? - help, Q - select action, (/) - cycle Shift-Dir - straight line, f/p - Menkaure
Aim: Menkaure (lightly damaged, 100% to hit)
The magic dart hits Menkaure.
* * * LOW HITPOINT WARNING * * *
Aiming: Magic Dart (safe; 3% risk of failure)
Press: ? - help, Q - select action, (/) - cycle Shift-Dir - straight line, f/p - Menkaure
Aim: Menkaure (moderately damaged, 100% to hit)
The magic dart hits Menkaure.
* * * LOW HITPOINT WARNING * * *
Menkaure gestures wildly while chanting.
Menkaure seems to speed up.
Aiming: Magic Dart (safe; 3% risk of failure)
Press: ? - help, Q - select action, (/) - cycle Shift-Dir - straight line, f/p - Menkaure
Aim: Menkaure (moderately damaged, fast, 100% to hit)
The magic dart hits Menkaure but does no damage.
* * * LOW HITPOINT WARNING * * *
Aiming: Magic Dart (safe; 3% risk of failure)
Press: ? - help, Q - select action, (/) - cycle Shift-Dir - straight line, f/p - Menkaure
Aim: Menkaure (moderately damaged, fast, 100% to hit)
The magic dart hits Menkaure.
* * * LOW HITPOINT WARNING * * *
Aiming: Magic Dart (safe; 3% risk of failure)
Press: ? - help, Q - select action, (/) - cycle Shift-Dir - straight line, f/p - Menkaure
Aim: Menkaure (heavily damaged, fast, 100% to hit)
The magic dart hits Menkaure.
* * * LOW HITPOINT WARNING * * *
Menkaure hits you.
* * * LOW HITPOINT WARNING * * *
Aiming: Magic Dart (safe; 3% risk of failure)
Press: ? - help, Q - select action, (/) - cycle Shift-Dir - straight line, f/p - Menkaure
Aim: Menkaure (heavily damaged, fast, 100% to hit)
The magic dart hits Menkaure but does no damage.
* * * LOW HITPOINT WARNING * * *
Menkaure shouts, "Why can't you leave me to my rest?"
Menkaure hits you!!
Ouch! That really hurt!
You die...

####### #.....# #.....#
#.....# #.....# #######
#.M...# #....$. #
#@..########......
#...##+####.....##.....
#.........l............
#...............##.....
#...............##..l..
#...####.####...##.....
#... #.# ######.....
#... ... ...... #...
..... .......


You could see Menkaure (fast).

Vanquished Creatures
  A hound (D:4)
  Jessica (D:2)
  An adder (D:6)
  A ribbon worm (D:2)
  2 ball pythons
  A bat (D:1)
  2 endoplasms
  2 giant cockroaches
  5 goblins
  2 hobgoblins (D:2)
  A jackal (D:1)
  2 quokkas
  A frilled lizard (D:1)
  2 kobolds (D:2)
  2 rats
26 creatures vanquished.

Vanquished Creatures (collateral kills)
  A bat (D:2)
  A giant cockroach (D:2)
  2 hobgoblins (D:2)
  A jackal (D:2)
  A ball python (D:2)
6 creatures vanquished.

Grand Total: 32 creatures vanquished

Notes
Turn   | Place    | Note
-------+----------+-------------------------------------------
     0 | D:1      | iamserjio the Djinni Hedge Wizard began the quest for the
                  | Orb.
     0 | D:1      | iamserjio set off with the following spells memorised:
                  | Magic Dart, Slow, Blink, Call Imp, Mephitic Cloud.
     0 | D:1      | Reached XP level 1. HP: 15/15 MP: 0/0
    37 | D:1      | Reached XP level 2. HP: 13/22 MP: 0/0
    80 | D:2      | Reached skill level 1 in Fighting
   248 | D:2      | Noticed Jessica
   252 | D:2      | Reached XP level 3. HP: 19/27 MP: 0/0
   252 | D:2      | Learned a level 1 spell: Sting
   253 | D:2      | Killed Jessica
   262 | D:2      | Reached XP level 4. HP: 19/33 MP: 0/0
   490 | D:5      | Entered Level 5 of the Dungeon
   499 | D:5      | Noticed a vampire
   533 | D:6      | Noticed a sky beast
   535 | D:6      | Reached XP level 5. HP: 17/40 MP: 0/0
   535 | D:6      | Learned a level 2 spell: Mercury Vapours
   558 | D:6      | Noticed Menkaure
   567 | D:6      | Mangled by Menkaure

Illustrated notes

Levels and vault maps discovered:
D:1:      roderic_crop_circles_arrival_small, layout_rooms, st_stairs_8
D:2:      layout_loops_corners, basic_altar, minmay_randomly_rotated_circles,
          uniq_jessica
D:3:      layout_loops_ring
D:4:      layout_basic, old_standard_altar, kennysheep_small_circle,
          uniq_eustachio
D:5:      layout_basic, minmay_temple_entry_statues, minmay_misc_feat_enclosed,
          grunt_decor_one_mirror, uniq_pikel
D:6:      layout_gridville, minmay_chambers_of_fives, uniq_menkaure

Skill      XL: |  1  2  3 |
---------------+----------+-----
Fighting       | 1 2 |  2.9
Dodging        | |  2.1
Stealth        | |  1.5
Spellcasting   | |  3.8
Conjurations   | |  3.8
Hexes          | |  3.8
Summonings     | |  3.8
Necromancy     | |  3.8
Translocations | |  3.8
Fire Magic     | |  3.8
Ice Magic      | |  3.8
Air Magic      | |  3.8
Earth Magic    | |  3.8
Alchemy        | |  3.8

Action                     |  1- 3 |  4- 6 || total
---------------------------+-------+-------++-------
  Melee: Dagger            |     4 |     9 ||    13
         Punch             |     1 |       ||     1
   Cast: Magic Dart        |    38 |    34 ||    72
         Call Imp          |     1 |     6 ||     7
   Stab: Sleeping          |       |     1 ||     1
 Armour: Robe              |     1 |    21 ||    22
  Dodge: Dodged            |    12 |    24 ||    36

Table legend: (Time is in decaauts)
 A = Elapsed time spent in this place.
 B = Non-inter-level travel time spent in this place.
 C = Inter-level travel time spent in this place.
 D = Time resting spent in this place.
 E = Time spent auto-exploring this place.
 F = Levels seen in this place.
 G = Mean time per level.
                   A        B        C        D        E       F      G
               +--------+--------+--------+--------+--------+-----+--------+
         Total |    565 |    527 |     38 |      0 |      0 |   6 |   94.2 |
       Dungeon |    565 |    527 |     38 |      0 |      0 |   6 |   94.2 |
               +--------+--------+--------+--------+--------+-----+--------+

Top non-repeatable levels by time:
     D:2: 291 daAuts
     D:1: 111 daAuts
     D:3: 70 daAuts
     D:5: 42 daAuts
     D:6: 33 daAuts
     D:4: 15 daAuts
